 Dungeon Crawl Stone Soup version 0.27-a0-328-g7f782ed93a (webtiles) character file.

Game seed: 17714492694849091967

112 lessens the Grave Robber (level 4, -2/24 HPs)
             Began as a Tengu Necromancer on Feb 12, 2021.
             Slain by an orc
             ... wielding a +0 mace
              (8 damage)
             ... on level 2 of the Dungeon.
             The game lasted 00:04:26 (3111 turns).

lessens the Grave Robber (Tengu Necromancer)        Turns: 3111, Time: 00:04:27

Health: -2/24      AC:  2    Str: 10    XL:     4   Next: 93%
Magic:  10/10      EV: 12    Int: 15    God:
Gold:   78         SH:  0    Dex: 14    Spells: 6/10 levels left

rFire    . . .     SeeInvis .   i - +1 short sword (venom)
rCold    . . .     Faith    .   (no shield)
rNeg     . . .     Spirit   .   a - +0 robe
rPois    .         Reflect  .   (helmet restricted)
rElec    .         Harm     .   (no cloak)
rCorr    .         Rampage  .   (no gloves)
Will     .....                  (boots unavailable)
Stlth    ++........             (no amulet)
HPRegen  0.08/turn              (no ring)
MPRegen  0.12/turn              (no ring)

@: no status effects
A: beak, talons 3
a: no special abilities


You were on level 2 of the Dungeon.
You visited 1 branch of the dungeon, and saw 3 of its levels.

You collected 78 gold pieces.

Inventory:

Hand Weapons
 d - a +0 whip
 i - a +1 short sword of venom (weapon)
Missiles
 b - 18 poisoned darts (quivered)
 h - 54 stones
 n - 4 boomerangs
Armour
 a - a +0 robe (worn)
Jewellery
 m - a +4 ring of protection {unknown}
Wands
 o - a wand of mindburst (16)
Scrolls
 c - 2 scrolls of enchant weapon {unknown}
 e - 2 scrolls of magic mapping {unknown}
 f - a scroll of teleportation {unknown}
 g - 2 scrolls of identify {unknown}
 j - a scroll of fog {unknown}
 k - a scroll of amnesia {unknown}
 p - a scroll of blinking {unknown}
Potions
 l - a potion of curing {unknown}
 q - 2 potions of berserk rage {unknown}


   Skills:
 - Level 2.1 Dodging
 - Level 2.0 Stealth
 + Level 3.5 Spellcasting
 + Level 5.6 Necromancy


You had 6 spell levels left.
You knew the following spells:

 Your Spells              Type           Power        Failure   Level
a - Pain                  Necr           76%          1%          1
b - Vampiric Draining     Necr           9%           5%          3

Your spell library contained the following spells:

 Spells                   Type           Power        Failure   Level
 Animate Skeleton         Necr           38%          1%          1
 Animate Dead             Necr           9%           19%         4
 Agony                    Necr           19%          45%         5


Dungeon Overview and Level Annotations

Branches:
Dungeon (3/15)

Altars:


Innate Abilities, Weirdness & Mutations

You have a beak for a mouth.
You have claws for feet.


Message History

Aiming: Vampiric Draining (quite dangerous; 6% risk of failure)
Press: ? - help, Shift-Dir - straight line, f/p - gnoll
Aim: a gnoll (severely wounded)
You kill the gnoll!
You feel life coursing into your body.
There is a stone staircase leading down, spattered with blood here.
There is a stone staircase leading up here.
You see here 11 arrows.
You see here 23 arrows.
There is a stone staircase leading down here.
You climb downwards.
An orc wizard comes into view. It is wielding a +0 dagger.
There is a stone staircase leading up here.
You climb upwards.
There is a stone staircase leading down here.
You start resting.
HP restored.
You climb downwards.
There is a stone staircase leading up here. 2 orcs come into view.
Found 20 arrows.
The orc shouts!
The orc wizard shouts!
The orc shouts!
The orc wizard hits you with a +0 dagger.
You barely miss the orc wizard. The orc misses you.
The orc wizard hits you with a +0 dagger.
You closely miss the orc wizard. The orc hits you but does no damage.
The orc hits you with a +0 short sword. The orc wizard misses you.
The orc wizard casts a spell at itself.
The orc wizard flickers and vanishes!
Deactivating autopickup; reactivate with Ctrl-A.
There is a stone staircase leading up here.
You hit the orc but do no damage.
The orc is poisoned.
The orc hits you with a +0 mace. The orc hits you with a +0 mace.
Something hits you.
* * * LOW HITPOINT WARNING * * *
You climb upwards.
Reactivating autopickup.
There is a stone staircase leading down here.
The orc hits you with a +0 mace!
You die...

.........#
##.##+##...#########
.........####.##.##..........#
.................##..........#
#######'#.####.#.##..........#
#.#.# ##...##..........# #.#.#
#................# #.#.#
#.#..##.########## #)#)#
#.#o>##.# #.#.# #.##@##.#
#.#.# #.##.##.# #.#.#
#.##.##.####### #.#.#
#.##.##.......# #.#.#
#.##.########.# #.#.###.##.#
#.# #.#.....##.# #.#
#.########.# #)# #..........#
#.#######


You could see an orc (very poisoned).

Vanquished Creatures
  An orc wizard (D:2)
  A gnoll (D:2)
  An adder (D:3)
  2 worms (D:2)
  2 dart slugs (D:2)
  A leopard gecko (D:1)
  3 orcs (D:2)
  4 bats
  2 giant cockroaches (D:1)
  5 hobgoblins
  9 jackals
  10 kobolds
  A quokka (D:2)
  4 frilled lizards
  5 rats
51 creatures vanquished.

Notes
Turn   | Place    | Note
-------+----------+-------------------------------------------
     0 | D:1      | lessens the Tengu Necromancer began the quest for the Orb.
     0 | D:1      | Reached XP level 1. HP: 10/10 MP: 4/4
   417 | D:1      | Reached XP level 2. HP: 11/15 MP: 1/6
  1289 | D:1      | Reached XP level 3. HP: 7/19 MP: 0/7
  1729 | D:2      | Reached skill level 5 in Necromancy
  2189 | D:2      | Reached XP level 4. HP: 24/24 MP: 9/9
  2222 | D:2      | Learned a level 3 spell: Vampiric Draining
  3111 | D:2      | Slain by an orc

Illustrated notes

Levels and vault maps discovered:
D:1:      eino_arrival_cavern_b, layout_basic
D:2:      layout_basic, grunt_ministairs_11
D:3:      layout_rooms

Skill      XL: |  1  2  3 |
---------------+----------+-----
Necromancy     | 5 |  5.6
Spellcasting   | 3 |  3.5
Dodging        | |  2.1
Stealth        | |  2.0

Action                   |  1- 3 |  4- 6 || total
-------------------------+-------+-------++-------
Melee: Whip              |     6 |       ||     6
       Kick              |     2 |    11 ||    13
       Short sword       |    14 |    49 ||    63
       Peck              |     1 |     5 ||     6
Throw: Dart              |    10 |       ||    10
 Cast: Pain              |    47 |     1 ||    48
       Vampiric Draining |       |     2 ||     2
 Stab: Sleeping          |     1 |     3 ||     4
       Distracted        |       |     1 ||     1
Armor: Robe              |     9 |     7 ||    16
Dodge: Dodged            |    22 |    33 ||    55

Table legend: (Time is in decaauts)
 A = Elapsed time spent in this place.
 B = Non-inter-level travel time spent in this place.
 C = Inter-level travel time spent in this place.
 D = Time resting spent in this place.
 E = Time spent auto-exploring this place.
 F = Levels seen in this place.
 G = Mean time per level.
                   A        B        C        D        E       F      G
               +--------+--------+--------+--------+--------+-----+--------+
         Total |   3120 |   2950 |    170 |    360 |   2142 |   3 | 1040.0 |
       Dungeon |   3120 |   2950 |    170 |    360 |   2142 |   3 | 1040.0 |
               +--------+--------+--------+--------+--------+-----+--------+

Top non-repeatable levels by time:
     D:1: 1611 daAuts
     D:2: 1479 daAuts
     D:3: 29 daAuts
